 Dungeon Crawl Stone Soup version 0.26.1-11-gd32895ea62 (webtiles) character file.

Game seed: 11923216216115286681

4939 Mesmaeker13 the Conjurer (level 10, -9/63 HPs)
             Began as a Mummy Hedge Wizard on Apr 12, 2021.
             Was a Believer of Ru.
             Splashed by an acid dragon's acid (13 damage)
             ... on level 9 of the Dungeon.
             The game lasted 00:39:27 (16708 turns).

Mesmaeker13 the Conjurer (Mummy Hedge Wizard)      Turns: 16708, Time: 00:39:28

Health: -9/63      AC:  1    Str: 14    XL:     10   Next: 28%
Magic:  11/19      EV: 13    Int: 16    God:    Ru [**....]
Gold:   897        SH:  5    Dex: 12    Spells: 14/22 levels left

rFire    x x .     SeeInvis .   o - +3 flail (venom)
rCold    + . .     Faith    .   (no shield)
rNeg     + + +     Spirit   .   s - +0 leather armour
rPois    ∞         Reflect  +   q - +0 helmet
rElec    .         Harm     .   m - scarf {shadows}
rCorr    .         Rampage  .   g - +0 pair of gloves
Will     +....                  (no boots)
Stlth    +.........             n - amulet of reflection
HPRegen  0.20/turn              j - ring of protection from cold
MPRegen  0.16/turn              (no ring)

@: corroded, studying Unarmed Combat
A: no potions, fire vulnerability, cold resistance 1, negative energy resistance
3, torment resistance, unbreathing, temperature sensitive
a: Renounce Religion


You were on level 9 of the Dungeon.
You worshipped Ru.
Ru was pleased with you.
You visited 2 branches of the dungeon, and saw 10 of its levels.

You collected 897 gold pieces.

Inventory:

Hand Weapons
 o - a +3 flail of venom (weapon)
 t - a +0 dagger of draining
 v - a +4 spear
Missiles
 i - 14 poisoned darts (quivered)
 l - 7 boomerangs
Armour
 c - the +0 scale mail of Nuitrom {Will- Int+5 Slay+3}
   (You found it on level 7 of the Dungeon)

   It affects your intelligence (+5).
   It affects your accuracy and damage with ranged weapons and melee attacks
   (+3).
   It affects your willpower, your defense against some magical effects.
 g - a +0 pair of gloves (worn)
 m - a scarf of shadows (worn)
 q - a +0 helmet (worn)
 s - a +0 leather armour (worn)
Jewellery
 j - a ring of protection from cold (left hand)
 n - an amulet of reflection (around neck)
Wands
 w - a wand of acid (5)
Scrolls
 a - a scroll of remove curse
 b - 7 scrolls of teleportation
 d - 2 scrolls of enchant weapon
 e - 2 scrolls of fog
 h - 2 scrolls of magic mapping
 k - a scroll of blinking
 p - 2 scrolls of amnesia
 r - a scroll of fear
 u - 2 scrolls of noise
 x - a scroll of identify
Books
 f - a manual of Unarmed Combat


   Skills:
 + Level 4.3 Dodging
 - Level 1.5 Stealth
 + Level 6.6 Spellcasting
 + Level 6.6 Conjurations
 - Level 4.0 Summonings
 + Level 1.1 Translocations
 - Level 6.1 Air Magic
 - Level 5.3 Poison Magic


You had 14 spell levels left.
You knew the following spells:

 Your Spells              Type           Power        Failure   Level
a - Magic Dart            Conj           52%          1%          1
b - Call Imp              Summ           9%           4%          2
c - Mephitic Cloud        Conj/Pois/Air  12%          4%          3
d - Blink                 Tloc           N/A          16%         2

Your spell library contained the following spells:

 Spells                   Type           Power        Failure   Level
 Conjure Flame            Conj/Fire      8%           12%         3
 Corona                   Hex            2%           17%         1
 Slow                     Hex            2%           26%         2
 Portal Projectile        Hex/Tloc       6%           36%         3
 Inner Flame              Hex/Fire       2%           45%         3
 Cause Fear               Hex            1%           86%         4
 Leda's Liquefaction      Hex/Erth       1%           86%         4
 Beastly Appendage        Tmut           Unusable     N/A         1
 Spider Form              Tmut/Pois      Unusable     N/A         3
 Wereblood                Tmut           Unusable     N/A         2
 Ice Form                 Ice/Tmut       Unusable     N/A         4
 Blade Hands              Tmut           Unusable     N/A         5

Dungeon Overview and Level Annotations

Branches:
Dungeon (9/15)             Temple (1/1) D:5             Orc (0/2) D:9
   Lair: D:8-11

Altars:
Ashenzari
Cheibriados
Dithmenos
Elyvilon
Fedhas
Gozag
Hepliaklqana
Kikubaaqudgha
Makhleb
Nemelex Xobeh
Okawaru
Qazlal
Ru
Sif Muna
Trog
Uskayaw
Vehumet
Wu Jian
Xom
Yredelemnul
Zin
The Shining One

Shops:
D:5 *=(=   D:6 (!   D:7 (

Annotations:
D:3 3 runed translucent doors, ZZKoverts's ghost, amateur OpFi
D:5 1 runed translucent door, 15bullets's ghost, novice FoFi


Innate Abilities, Weirdness & Mutations

You do not drink.
Your flesh is vulnerable to fire.
You are immune to poison.
Your flesh is cold resistant. (rC+)
You are immune to negative energy. (rN+++)
You are immune to unholy pain and torment.
You can survive without breathing.
You are sensitive to extremes of temperature. (rF-, rC-)


Message History

Confirm with . or Enter, or press ? or * to list all spells.
You feel a numb sensation.
A shadowy apparition takes form in the air.
Your shadow imp hits the acid dragon but does no damage.
Casting: Call Imp (safe; 4% risk of failure)
Confirm with . or Enter, or press ? or * to list all spells.
You feel a numb sensation.
A beastly little devil appears in a puff of flame.
Your crimson imp says, "Let's cause disruption!"
The acid dragon completely misses you. The acid dragon claws you.
Your shadow imp closely misses the acid dragon.
You barely miss the acid dragon.
The acid dragon is moderately wounded.
Your white imp gestures at the acid dragon.
The puff of frost hits the acid dragon.
The acid dragon spits acid at you. The splash of acid hits you!
* * * LOW HITPOINT WARNING * * *
The acid corrodes you!
You are splashed with acid!
You die...

#..# #. #..# #.
#..# #. ######..#
#. ........# #.
........# #.
........# #.
....5.5.## #.
#####.@D.# #.
####5# #.
####..#.# #.
..'gK#5# #.
####)# #. #...)#
#. #D#### #.
#...# #.
..########..#####
#.


You could see an acid dragon (catching breath), a friendly crimson imp
(summoned), a friendly white imp (summoned) and a friendly shadow imp
(summoned).

Vanquished Creatures
  Harold (D:8)
  A troll (D:9)
  Edmund (D:5)
  A water moccasin (D:8)
  3 sky beasts
  5 orc warriors
  2 black bears
  A necrophage (D:7)
  A phantom (D:6)
  4 ogres
  7 centaurs
  A big kobold (D:7)
  A scorpion (D:8)
  2 wights (D:7)
  2 bullfrog zombies (D:6)
  A centaur zombie (D:7)
  2 bullfrog skeletons (D:6)
  3 hounds (D:7)
  4 orc priests
  2 jellies
  5 orc wizards
  A gnoll shaman (D:5)
  An iguana (D:7)
  4 worker ants
  A hound zombie (D:7)
  A hound skeleton (D:7)
  2 worker ant zombies
  5 gnolls (D:5)
  9 adders
  A shadow imp (D:7)
  5 white imps
  2 ufetubi
  An adder zombie (D:5)
  An adder skeleton (D:8)
  2 worms
  4 leopard geckos
  28 orcs
  7 giant cockroaches
  7 goblins
  6 hobgoblins
  13 jackals
  13 kobolds
  3 quokkas
  3 ball pythons
  8 bats
  5 frilled lizards
  A leopard gecko zombie (D:8)
  A quokka skeleton (D:4)
  6 rats
191 creatures vanquished.

Vanquished Creatures (collateral kills)
  A two-headed ogre (D:8)
  An ice beast (D:7)
  2 ogres
  A water moccasin zombie (D:7)
  A wight (D:7)
  A howler monkey (D:5)
  A hound (D:4)
  An iguana (D:4)
  2 worms (D:2)
  A jackal (D:7)
  A kobold (D:3)
  A quokka (D:3)
  2 frilled lizards
16 creatures vanquished.

Vanquished Creatures (others)
  2 hounds (D:8)
  An orc wizard (D:8)
3 creatures vanquished.

Grand Total: 210 creatures vanquished

Notes
Turn   | Place    | Note
-------+----------+-------------------------------------------
     0 | D:1      | Mesmaeker13 the Mummy Hedge Wizard began the quest for the
                  | Orb.
     0 | D:1      | Reached XP level 1. HP: 13/13 MP: 5/5
   130 | D:1      | Reached skill level 1 in Conjurations
   425 | D:1      | Reached XP level 2. HP: 13/19 MP: 2/7
   905 | D:1      | Learned a level 2 spell: Call Imp
  1323 | D:1      | Reached skill level 1 in Summonings
  1917 | D:2      | Reached XP level 3. HP: 24/24 MP: 2/8
  3729 | D:3      | Reached XP level 4. HP: 28/30 MP: 6/10
  3746 | D:3      | Learned a level 3 spell: Mephitic Cloud
  4087 | D:3      | Found a runed translucent gate.
  4088 | D:3      | Found a runed translucent gate.
  4088 | D:3      | Found a runed translucent gate.
  4091 | D:3      | Noticed ZZKoverts's ghost (amateur OpFi)
  4885 | D:3      | Reached skill level 5 in Spellcasting
  5691 | D:4      | Reached XP level 5. HP: 35/35 MP: 6/12
  5845 | D:4      | Noticed an ogre
  5874 | D:4      | Killed an ogre
  5875 | D:4      | Reached skill level 1 in Air Magic
  6251 | D:4      | Reached skill level 1 in Poison Magic
  6904 | D:5      | Entered Level 5 of the Dungeon
  6907 | D:5      | Found a staircase to the Ecumenical Temple.
  6949 | D:5      | Noticed Edmund
  7010 | D:5      | Killed Edmund
  7011 | D:5      | Reached XP level 6. HP: 27/41 MP: 0/13
  7146 | Temple   | Entered the Ecumenical Temple
  7170 | Temple   | Became a worshipper of Ru the Awakened
  7479 | D:5      | Found Tivogala's Jewellery Shoppe.
  7484 | D:5      | Got a steaming war axe
  7485 | D:5      | Identified the cursed +0 war axe of Qiere {vorpal, *Slow
                  | rN+ Will+ Str+6} (You found it on level 5 of the Dungeon)
  7490 | D:5      | Found Ysmam's Assorted Antiques.
  8356 | D:5      | Reached XP level 7. HP: 33/46 MP: 3/14
  8459 | D:5      | Found Xainat's Jewellery Shop.
  8463 | D:5      | Found Gatexiji's Weapon Boutique.
  8467 | D:5      | Found Qitaapp's Jewellery Shop.
  8470 | D:5      | Found a runed translucent door.
  8800 | D:5      | Noticed 15bullets's ghost (novice FoFi)
  9282 | D:6      | Found a shimmering altar of Xom.
  9288 | D:6      | Found Doagiec's Distillery.
  9955 | D:6      | Reached XP level 8. HP: 35/52 MP: 13/15
 10422 | D:6      | Found Zawk's Antique Weapon Shop.
 10787 | D:7      | Got a shimmering scale mail
 10798 | D:7      | Identified the cursed +0 scale mail of Nuitrom {Will- Int+5
                  | Slay+3} (You found it on level 7 of the Dungeon)
 12057 | D:7      | Found Tosefeah's Weapon Emporium.
 12161 | D:7      | Reached skill level 5 in Conjurations
 12863 | D:7      | Reached XP level 9. HP: 57/57 MP: 3/16
 13337 | D:8      | Found a shimmering altar of Xom.
 13656 | D:8      | Gained mutation: You are sensitive to extremes of
                  | temperature. (rF-, rC-) [Ru sacrifice]
 13656 | D:8      | Reached * piety under Ru
 13656 | D:8      | Reached ** piety under Ru
 14083 | D:8      | Noticed Harold
 14314 | D:8      | Reached skill level 5 in Air Magic
 14440 | D:8      | Noticed a two-headed ogre
 14473 | D:8      | Killed a two-headed ogre
 14474 | D:8      | Reached skill level 5 in Poison Magic
 14990 | D:8      | Killed Harold
 14991 | D:8      | Reached XP level 10. HP: 36/63 MP: 6/18
 16338 | D:9      | Learned a level 2 spell: Blink
 16608 | D:9      | Found a staircase to the Orcish Mines.
 16623 | D:9      | Reached skill level 1 in Translocations
 16708 | D:9      | Splashed by an acid dragon's acid

Illustrated notes

Levels and vault maps discovered:
D:1:      giann_bridges, layout_loops_corners, chequers_serial_rivers_small_a
D:2:      layout_basic
D:3:      layout_loops_corners, gammafunk_ghost_necromancy,
          kennysheep_generic_room_10
D:4:      layout_basic, st_stairs_1
D:5:      layout_basic, temple_pool_b, gammafunk_ghost_grave, serial_shops,
          nicolae_shop_crystal, shop, nicolae_shop_trees, shop, shop,
          uniq_edmund
D:6:      layout_basic, serial_shops, shop, nicolae_shop_trees, basic_altar,
          minmay_misc_feat_square, minmay_manual_mares
D:7:      minmay_polygon_palace, layout_loops_corners, serial_shops,
          nicolae_shop_statue_plus, hangedman_decor_opposing
D:8:      layout_loops_corners, xom_confusion_cloud, uniq_harold
D:9:      layout_small_grid, david_orc_2, corexii_checkpoint_b
Temple:   regret_index_temple_sigil_plot

Skill      XL: |  1  2  3  4  5  6  7  8  9 10 |
---------------+-------------------------------+-----
Conjurations   | 1 2 3 5 6 |  6.6
Dodging        | 2 3 4 |  4.3
Summonings     | 1 2 3 4 |  4.0
Spellcasting   | 5 6 |  6.6
Air Magic      | 1 2 3 4 5 6 |  6.1
Poison Magic   | 1 2 3 4 5 |  5.3
Translocations | 1 |  1.1
Stealth        | |  1.5

Action                   |  1- 3 |  4- 6 |  7- 9 | 10-12 || total
-------------------------+-------+-------+-------+-------++-------
Melee: Dagger            |    27 |    15 |       |       ||    42
       Mace              |     5 |       |       |       ||     5
       Rapier            |       |     3 |       |       ||     3
       Flail             |       |    24 |   258 |    66 ||   348
Throw: Dart              |       |     7 |       |       ||     7
       Throwing net      |       |       |     2 |       ||     2
 Cast: Magic Dart        |   118 |   126 |   120 |    16 ||   380
       Call Imp          |     8 |    22 |    42 |    10 ||    82
       Mephitic Cloud    |       |     4 |    31 |    11 ||    46
Invok: Sacrifice Resista |       |       |     1 |       ||     1
Evoke: Wand              |       |     4 |     5 |     2 ||    11
  Use: Scroll            |     7 |     5 |     5 |       ||    17
 Stab: Confused          |       |     1 |     9 |     6 ||    16
Armor: Robe              |     6 |    11 |       |       ||    17
       Leather armour    |       |     8 |    49 |    16 ||    73
Dodge: Dodged            |    37 |    50 |   151 |    34 ||   272
Block: Other             |       |       |    64 |    16 ||    80
       Reflection        |       |       |     3 |     3 ||     6
